Match 41356112
Unlisted

Match 41356112
End
Kradschützen Motorcycle Team
Panzergrenadier Squad
Panzergrenadier Squad
Construct Light Support Kompanie
MG34 Team
Fire Support Elements
Flakvierling Half-track
Selects Panzerjäger Kommand Battlegroup
Selects Mine Fields
Selects Tank Busters
Panzerjäger Mechanized Group
カルト_くん
STRATEGO
Frühstück
Artas
0
0

Comments sign in to comment!

No comments posted yet!